 Dungeon Crawl Stone Soup version 0.19.5 (webtiles) character file.

227 Gargoyl the Skirmisher (level 6, -4/57 HPs)
             Began as a Ghoul Abyssal Knight on Apr 3, 2017.
             Was a Follower of Lugonu.
             Slain by a ghost moth zombie (5 damage)
             ... on level 2 of the Abyss.
             The game lasted 00:01:07 (97 turns).

Gargoyl the Skirmisher (Ghoul Abyssal Knight)         Turns: 97, Time: 00:01:08

Health: -4/57      AC:  3    Str: 16    XL:     6   Next: 2%
Magic:  5/7        EV: 11    Int:  7    God:    Lugonu [*.....]
Gold:   28         SH:  0    Dex: 10    Spells: 0 memorised, 5 levels left

rFire  . . .     SeeInvis .     a - +1 hand axe
rCold  + . .     Gourm    .     b - +0 leather armour
rNeg   + + +     Faith    .     (no shield)
rPois  ∞         Spirit   .     (no helmet)
rElec  .         Reflect  .     (no cloak)
rCorr  .         Harm     .     (no gloves)
MR     .....                    (no boots)
Stlth  ..........               (no amulet)
                                (no ring)
                                (no ring)

@: confused, rotting
A: rotting body, claws 1, carnivore 3, cold resistance 1, negative energy
resistance 3, slow regeneration 1, torment resistance, unbreathing
a: Depart the Abyss, Renounce Religion


You were on level 2 of the Abyss.
You worshipped Lugonu.
Lugonu was aware of your devotion.
You were not hungry.

You visited 0 branches of the dungeon, and saw 0 of its levels.
You visited the Abyss 1 time.

You collected 28 gold pieces.

Inventory:

Hand Weapons
 a - a +1 hand axe (weapon)
Armour
 b - a +0 leather armour (worn)
Potions
 d - a potion of heal wounds {unknown}
 e - a potion of ambrosia {unknown}
Comestibles
 c - 2 meat rations


   Skills:
 + Level 6.1 Fighting
 + Level 2.5 Axes
 + Level 2.1 Armour
 + Level 1.1 Dodging
 + Level 2.7 Invocations


You had 5 spell levels left.
You didn't know any spells.

Dungeon Overview and Level Annotations

Branches:
Dungeon (0/15)

Altars:


Innate Abilities, Weirdness & Mutations

Your body is rotting away.
You thrive on raw meat.
You are immune to poison.
You have sharp fingernails.
You are carnivorous and can eat meat at any time.
Your flesh is cold resistant. (rC+)
You are immune to negative energy. (rN+++)
You regenerate slowly when monsters are visible.
You are immune to unholy pain and torment.
You can survive without breathing.


Message History

The ghost moth zombie hits you.
* * * LOW HITPOINT WARNING * * *
The golden eye blinks at you.
You are confused.
A golden eye comes into view.
The golden eye blinks at you. You resist with some effort.
The golden eye blinks at you.
You are more confused.
The insubstantial wisp blinks!
You miss the insubstantial wisp.
You hit the ghost moth zombie but do no damage.
The golden eye blinks!
The golden eye blinks at you. You resist with almost no effort.
The ghost moth zombie hits you!
* * * LOW HITPOINT WARNING * * *
The ghost moth zombie hits you!
* * * LOW HITPOINT WARNING * * *
The ghost moth zombie hits you.
You die...

#.....# .. . . .#.#.#.. .
# ....+.... #.#. ..
.......#. ....#..##...
... . ...G..#.##..#..#.
.. ..#...8...##>.####..#
. .##
#......#.>..∩...#....
.................§......
.
##......G..v.....##..#.##
# # .##.##....@Z.##. .##
# #.... #..#.....## . .
#.....#####....# # #
#..#. ###....#.# § # #
.#..#.#.#.# .# ##.
.#..#.###... #...#. #...
#.# . ..#. ## .. #


You could see an insubstantial wisp, 2 golden eyes and a ghost moth zombie.

Vanquished Creatures (collateral kills)
  4 insubstantial wisps (Abyss:2)
4 creatures vanquished.

Vanquished Creatures (others)
  5 starspawn tentacles (Abyss:2)
5 creatures vanquished.

Grand Total: 9 creatures vanquished

Notes
Turn   | Place    | Note
-------+----------+-------------------------------------------
     0 | Abyss:1  | Gargoyl the Ghoul Abyssal Knight began the quest for the Orb.
     0 | Abyss:1  | Reached XP level 1. HP: 19/19 MP: 1/1
    21 | Abyss:1  | Found a shadowy altar of Dithmenos.
    65 | Abyss:2  | Noticed an insubstantial wisp
    66 | Abyss:2  | Noticed an insubstantial wisp
    70 | Abyss:2  | Noticed an insubstantial wisp
    77 | Abyss:2  | Noticed an insubstantial wisp
    78 | Abyss:2  | Noticed an insubstantial wisp
    78 | Abyss:2  | Killed an insubstantial wisp
    78 | Abyss:2  | Reached skill level 4 in Fighting
    78 | Abyss:2  | Reached skill level 1 in Dodging
    78 | Abyss:2  | Reached XP level 2. HP: 28/28 MP: 2/2
    78 | Abyss:2  | Reached XP level 3. HP: 35/35 MP: 3/3
    78 | Abyss:2  | Reached XP level 4. HP: 41/41 MP: 4/4
    82 | Abyss:2  | Killed an insubstantial wisp
    82 | Abyss:2  | Reached skill level 5 in Fighting
    86 | Abyss:2  | Killed an insubstantial wisp
    86 | Abyss:2  | Reached XP level 5. HP: 15/50 MP: 5/5
    88 | Abyss:2  | Noticed a ghost moth zombie
    89 | Abyss:2  | Killed an insubstantial wisp
    89 | Abyss:2  | Reached skill level 6 in Fighting
    89 | Abyss:2  | Reached XP level 6. HP: 18/57 MP: 5/7
    95 | Abyss:2  | Noticed a golden eye
    96 | Abyss:2  | Noticed a golden eye
    97 | Abyss:2  | HP: 1/57 [ghost moth zombie (7)]
    97 | Abyss:2  | Slain by a ghost moth zombie

Skill      XL: |  1  2  3  4  5 |
---------------+----------------+-----
Fighting       | 4 5 6 |  6.1
Armour         | 2 |  2.1
Dodging        | 1 |  1.1
Axes           | 2 |  2.5
Invocations    | |  2.7

Action                   |  1- 3 |  4- 6 || total
-------------------------+-------+-------++-------
Melee: Hand axe          |       |     1 ||     1
  Use: Scroll            |     2 |       ||     2
Armor: Leather armour    |       |     2 ||     2
Dodge: Dodged            |     1 |     2 ||     3
